Map: Dusk Towers

Players

LilDicky - Winner!

  • Race: Terran Terran
  • League: Diamond

meefy

  • Race: Zerg Zerg
  • League: Gold

VOD

http://www.twitch.tv/tumescentpie

Description

Time

  • Played on: Dec. 25, 2015, 5:44 p.m.
  • Length: 17:56
Show
View Real Time Build Order
Export as new Build Order

LilDicky Terran - Winner!

Build Orders: Command Center First (CC), MMM Bio 

Get SALT Encoding   

  12  0:01  SCV  
  13  0:14  SCV  
  14  0:21  Supply Depot  
  14  0:26  SCV  
  15  0:42  SCV  
  16  0:54  SCV  
  17  2:00  SCV  
  18  2:05  Command Center  
  18  2:12  SCV  
  18  2:13  Command Center  
  18  2:15  Command Center  
  19  2:23  Barracks  
  19  2:27  Barracks  
  19  2:29  SCV  
  20  2:41  SCV  
  21  2:53  SCV  
  22  3:05  SCV  
  23  3:09  Barracks  
  23  3:11  Barracks  
  23  3:17  Marine x2  
  25  3:24  Orbital Command  
  25  3:27  Orbital Command  
  25  3:36  Orbital Command  
  25  3:38  Marine  
  27  3:50  Orbital Command  
  27  3:56  Marine  
  27  4:00  Marine  
  27  4:01  Marine x2  
  27  4:02  SCV  
  31  4:04  SCV  
  31  4:06  SCV  
  33  4:14  SCV, Marine  
  33  4:15  SCV  
  33  4:16  SCV  
  37  4:21  Marine  
  37  4:22  Marine x2  
  37  4:23  SCV  
  41  4:31  Orbital Command  
  41  4:33  SCV, Barracks  
  41  4:34  SCV, Marine  
  41  4:35  Barracks  
  41  4:37  SCV  
  45  4:39  Marine  
  46  4:49  Engineering Bay  
  46  4:50  SCV  
  46  4:51  SCV x2  
  49  4:56  Marine x2  
  49  4:57  Command Center  
  51  5:01  Refinery  
  51  5:02  SCV, Refinery  
  52  5:23  Marine x4  
  52  5:27  Engineering Bay  
  52  5:28  Marine x2  
  57  5:35  SCV  
  59  5:41  Marine x3  
  62  5:43  Command Center  
  62  5:51  SCV x3, Refinery  
  62  5:52  SCV, Refinery  
  62  5:55  Marine  
  62  5:56  Command Center  
  68  5:57  Barracks Tech Lab  
  68  5:58  Barracks Tech Lab  
  68  6:00  Barracks Reactor  
  68  6:01  Barracks Reactor  
  68  6:03  Marine  
  68  6:13  Marine  
  69  6:20  Marine x2  
  69  6:21  Marine  
  72  6:30  SCV  
  72  6:31  SCV x3  
  76  6:35  Marine  
  76  6:36  Marine x2  
  76  6:37  Command Center  
  76  6:38  Combat Shields  
  76  6:39  Stimpack  
  79  6:43  SCV  
  79  6:45  Missile Turret  
  80  6:55  Planetary Fortress  
  80  6:57  Missile Turret  
  80  7:06  Planetary Fortress  
  80  7:07  Missile Turret  
  80  7:09  Missile Turret  
  80  7:18  Missile Turret  
  80  7:28  Supply Depot x2  
  80  7:30  Supply Depot, Missile Turret  
  80  7:32  Supply Depot  
  80  7:33  Supply Depot  
  80  7:35  Supply Depot, Missile Turret  
  80  7:36  SCV x2, Missile Turret  
  83  7:37  SCV, Missile Turret  
  83  7:46  Missile Turret  
  83  7:47  Planetary Fortress  
  83  7:51  Missile Turret  
  83  7:58  Missile Turret  
  83  8:05  Missile Turret  
  83  8:06  Missile Turret  
  83  8:07  Missile Turret  
  83  8:09  Missile Turret  
  83  8:18  Missile Turret x2  
  83  8:22  Barracks Reactor x2, Engineering Bay  
  83  8:23  Engineering Bay, Marine x3  
  83  8:25  Concussive Shells  
  86  8:34  Hi-Sec Auto Tracking  
  86  8:38  Refinery  
  86  8:39  Refinery  
  86  8:42  Missile Turret  
  86  8:44  Planetary Fortress  
  86  8:46  Marine  
  86  8:47  Marine x3  
  86  8:48  Marauder x2  
  94  8:49  Command Center  
  94  8:56  Factory  
  94  8:58  Factory  
  94  9:01  Factory  
  94  9:05  Supply Depot  
  94  9:07  Supply Depot  
  94  9:09  Marauder  
  96  9:13  Terran Infantry Weapons Level 1, Terran Infantry Armor Level 1  
  96  9:19  Missile Turret  
  96  9:21  Marine  
  96  9:22  Refinery x2, Marine x5  
  96  9:23  Marine x2  
  106  9:24  Marauder  
  106  9:28  SCV  
  106  9:29  SCV x2  
  109  9:31  SCV x3  
  109  9:32  SCV x2  
  109  9:35  Missile Turret  
  114  9:40  SCV  
  114  9:44  SCV  
  116  9:46  Factory Tech Lab x3  
  116  9:54  Armory  
  116  9:56  SCV, Starport  
  116  9:57  Starport  
  117  10:01  Armory  
  117  10:04  Armory, Starport  
  117  10:06  Planetary Fortress  
  117  10:07  Missile Turret  
  117  10:08  SCV  
  117  10:11  Siege Tank  
  117  10:13  Siege Tank  
  124  10:17  SCV  
  123  10:42  Cyclone  
  126  10:43  Cyclone  
  126  10:45  Cyclone  
  132  10:51  Marine x4  
  132  10:52  Marauder x2, Marine  
  140  11:02  Missile Turret  
  140  11:08  Starport Tech Lab  
  140  11:09  Starport Tech Lab  
  140  11:10  Starport Reactor  
  140  11:13  Thor  
  146  11:23  Command Center  
  146  11:33  Command Center  
  146  11:37  Command Center, SCV, Missile Turret  
  146  11:38  Missile Turret  
  147  11:41  Marine  
  147  11:42  Marine x3  
  147  11:43  Terran Infantry Weapons Level 2, Terran Infantry Armor Level 2  
  147  11:46  Terran Vehicle And Ship Armor Level 1, Terran Vehicle Weapons Level 1  
  151  11:48  Terran Ship Weapons Level 1  
  151  11:54  Fusion Core  
  151  11:57  Liberator  
  151  12:02  Refinery  
  151  12:05  Missile Turret x2  
  148  12:13  Medivac x3  
  155  12:26  Liberator  
  125  12:36  Marine  
  125  12:37  Marauder, Marine x3  
  105  12:38  Marauder, Marine  
  105  12:40  Marine  
  78  12:54  Marine x3  
  81  12:59  Marauder x2  
  81  13:01  SCV  
  81  13:03  Marine x3  
  81  13:04  Marine  
  90  13:11  Planetary Fortress  
  90  13:15  Planetary Fortress  
  90  13:19  Liberator x2  
  90  13:20  Marauder x2  
  90  13:22  Planetary Fortress  
  94  13:35  Battlecruiser, Missile Turret  
  106  13:44  Terran Vehicle Weapons Level 2, Terran Vehicle And Ship Armor Level 2  
  106  14:01  Siege Tank x2  
  111  14:20  Marine x4  
  111  14:21  Marauder x2, Marine  
  111  14:23  Terran Infantry Weapons Level 3  
  120  14:28  SCV  
  121  14:31  SCV  
  121  14:32  Refinery x2  
  121  14:33  SCV  
  121  14:36  Refinery  
  123  14:41  SCV  
  123  14:43  SCV  
  123  14:45  SCV  
  126  14:50  Command Center  
  126  14:53  SCV  
  126  14:56  SCV  
  126  14:57  SCV  
  126  15:01  Command Center  
  119  15:08  SCV  
  119  15:09  SCV  
  119  15:10  Marine  
  118  15:20  SCV  
  119  15:21  SCV  
  119  15:22  Marine  
  119  15:23  Marine x8  
  119  15:28  Marine  
  120  15:40  Marine x3  
  120  15:41  Marauder x2, Marine x4  
  131  15:46  Marine  
  131  15:47  Hyperflight Rotors  
  131  15:48  Advanced Ballistics  
  132  15:58  Marine  
  132  16:03  Marauder x2  
  135  16:05  Marine  
  135  16:06  Marine x4  
  135  16:08  Marine x2  
  142  16:16  Marine  
  143  16:21  Orbital Command x2  
  143  16:24  Marauder x2  
  147  16:27  Refinery  
  147  16:30  SCV  
  147  16:31  SCV x4  
  149  16:38  Refinery  
  149  16:42  SCV  
  149  16:43  SCV x4  
  149  16:45  Marauder x2  
  157  16:53  Marine x6  
  134  17:07  Marauder x2  
  138  17:20  Marine x3  
  135  17:28  Marauder x2  
  135  17:29  Command Center  
  123  17:31  Marine x3  
Show
View Real Time Build Order
Export as new Build Order

meefy Zerg 

Build Orders: Hatch First 

Get SALT Encoding   

  12  0:01  Drone  
  13  0:12  Overlord  
  13  0:17  Drone  
  14  0:30  Drone x2  
  14  0:34  Drone  
  17  0:55  Hatchery  
  16  0:58  Drone  
  16  1:00  Drone  
  18  1:14  Spawning Pool  
  18  1:17  Drone  
  18  1:20  Drone  
  19  1:28  Overlord  
  19  1:38  Drone  
  20  1:45  Extractor  
  19  1:50  Drone  
  20  2:00  Drone, Queen  
  23  2:11  Drone  
  23  2:12  Drone  
  23  2:14  Queen  
  27  2:24  Overlord  
  27  2:26  Drone  
  27  2:28  Drone  
  29  2:32  Drone, Extractor  
  29  2:41  Drone  
  29  2:44  Drone  
  31  2:46  Queen  
  31  2:50  Drone, Queen  
  36  2:59  Drone  
  37  3:06  Drone  
  37  3:07  Drone  
  39  3:19  Drone x4  
  43  3:28  Drone  
  43  3:31  Overlord x2  
  44  3:42  Extractor  
  44  3:44  Extractor, Queen  
  44  3:48  Queen  
  44  3:50  Drone x3  
  44  3:51  Drone x3  
  53  3:55  Drone x2  
  53  3:56  Drone x4  
  58  4:19  Roach Warren  
  58  4:23  Evolution Chamber  
  56  4:26  Evolution Chamber  
  55  4:42  Drone x2  
  55  4:43  Drone  
  58  4:47  Lair  
  58  5:15  Roach  
  60  5:31  Hatchery  
  60  5:33  Overlord x3  
  60  5:34  Overlord x3  
  59  5:46  Zerg Missile Weapons Level 1, Zerg Ground Armor Level 1  
  59  5:53  Nydus Network  
  59  5:55  Roach x9  
  59  5:56  Roach x6  
  88  6:06  Glial Reconstitution  
  88  6:14  Roach x3  
  94  6:19  Ravager x5  
  94  6:20  Ravager x5  
  104  6:31  Roach x2  
  108  6:33  Overlord x3  
  108  6:51  Nydus Canal  
  108  7:21  Roach x9  
  108  7:22  Roach x2  
  130  7:27  Hydralisk Den  
  129  7:48  Roach x4  
  137  7:52  Drone  
  137  7:53  Overlord  
  137  7:54  Overlord x3  
  138  8:10  Zerg Missile Weapons Level 2  
  138  8:11  Zerg Ground Armor Level 2  
  138  8:12  Hydralisk x5  
  138  8:15  Extractor  
  147  8:21  Drone x8, Extractor  
  154  8:33  Hydralisk  
  154  8:34  Hydralisk x2  
  160  8:54  Infestation Pit  
  159  9:03  Roach x5  
  159  9:05  Overlord x2  
  159  9:06  Overlord x2  
  169  9:15  Drone  
  170  9:24  Drone x7  
  174  9:27  Drone x4  
  181  9:51  Pathogen Glands  
  181  10:01  Infestor x5  
  180  10:54  Hydralisk  
  180  10:55  Hydralisk x9  
  200  11:10  Hatchery  
  199  11:24  Hive  
  147  12:43  Roach x6  
  147  12:44  Roach x6  
  99  13:08  Roach x3  
  99  13:09  Roach x6  
  117  13:15  Infestor  
  119  13:39  Extractor  
  118  13:51  Roach  
  118  13:52  Roach x9  
  118  13:53  Roach x10  
  118  13:54  Roach  
  160  13:57  Ravager x6  
  160  13:58  Ravager x2  
  168  14:03  Infestor x4  
  168  14:08  Extractor  
  175  14:14  Roach x3  
  179  15:06  Hydralisk x3  
  179  15:07  Hydralisk x9  
  162  15:08  Hydralisk x7  
  200  15:18  Spore Crawler  
  200  15:21  Spore Crawler x2  
  194  15:40  Overlord x3  
  194  15:42  Overseer  
  194  15:43  Overseer  
Tags
 
Add a new tag
Caveats
  • Supply blocks, unpowered buildings, or Contaminate may cause inaccurate times.
  • Supply counts are checked every 10 seconds.